AoeStats
← a2b3-jano

Arena

509517100Analyzed
4v4 RM · 7d ago on Sep 27, 2026· 46m 21s· 8 players
Game mode
Random Map
Map size
Large (8 player)
Population
200
Speed
Normal
Resources
Standard
Victory
Conquest
Starting age
Dark Age
Ending age
Imperial Age
RankedLock teamsTeams togetherTeam positionsShared explorationLock speedFull tech treeHidden civsTurbo modeCheats
Victory
Defeat
🇨🇦 Poles · Canada
910
+13
🇧🇷 Turks · Brazil
854
+15
🇺🇸 Huns · United States
783
+18
🇺🇸 Khmer · United States
773
+18
🇵🇪 Teutons · Peru
867
-18
🇵🇪 Poles · Peru
837
-16
🇦🇷 Ethiopians · Argentina
826
-16
🇵🇪 Vietnamese · Peru
784
-14
Jacopsonn
11:14 Feudal Age
16:04 Castle Age
14:50 Double-Bit Axe
15:00 Horse Collar
26:01 Bow Saw
27:10 Heavy Plow
29:52 Imperial Age
29:01 Wheelbarrow
28:11 Loom
28:19 Gold Mining
28:20 Stone Mining
29:19 Bloodlines
29:10 Husbandry
29:28 Scale Barding Armor
29:33 Forging
30:08 Stone Shaft Mining
30:22 Hand Cart
30:30 Chain Barding Armor
30:50 Iron Casting
30:09 Cavalier
32:53 Blast Furnace
32:44 Crop Rotation
31:45 Light Cavalry
32:48 Conscription
32:42 Winged Hussar
35:10 Lechitic Legacy
40:45 Szlachta Privileges
Mapache
11:31 Feudal Age
13:03 Double-Bit Axe
16:34 Castle Age
14:49 Horse Collar
15:11 Fletching
16:44 Wheelbarrow
18:41 Heavy Plow
18:58 Bow Saw
20:56 Crossbowman
21:56 Stone Mining
23:45 Thumb Ring
24:44 Padded Archer Armor
24:50 Loom
26:13 Bodkin Arrow
28:17 Ballistics
27:34 Elite Skirmisher
29:54 Gold Mining
31:03 Leather Archer Armor
Iskander
10:35 Feudal Age
16:13 Castle Age
14:33 Double-Bit Axe
14:57 Horse Collar
17:32 Wheelbarrow
17:27 Stone Mining
17:31 Gold Mining
19:12 Loom
22:22 Town Watch
27:58 Imperial Age
26:29 Ballistics
26:21 Forging
26:48 Hand Cart
26:43 Heavy Plow
27:37 Scale Mail Armor
28:07 Town Patrol
29:55 Chemistry
30:06 Bow Saw
29:51 Stone Mining
30:38 Iron Casting
30:18 Chain Mail Armor
32:33 Blast Furnace
31:43 Arson
31:58 Squires
31:43 Gambesons
33:02 Plate Mail Armor
32:11 Pikeman
32:56 Fletching
32:45 Elite Teutonic Knight
33:47 Conscription
33:39 Halberdier
38:02 Fortified Wall
45:18 Elite Skirmisher
a2b3-jano
1:19 Loom
12:45 Feudal Age
20:37 Double-Bit Axe
23:37 Wheelbarrow
25:20 Castle Age
33:34 Bow Saw
34:10 Town Watch
39:39 Imperial Age
39:46 Stone Mining
39:50 Gold Mining
40:22 Hand Cart
41:23 Horse Collar
41:35 Fletching
42:36 Light Cavalry
43:35 Bloodlines
47:12 Chemistry
46:33 Ballistics
46:18 Padded Archer Armor
Salty Nuht1125
11:41 Feudal Age
12:22 Double-Bit Axe
12:22 Horse Collar
14:00 Wheelbarrow
18:36 Castle Age
19:49 Bow Saw
19:41 Gold Mining
21:21 Stone Mining
22:02 Hand Cart
22:07 Heavy Plow
26:20 Gold Shaft Mining
26:24 Stone Shaft Mining
31:04 Imperial Age
29:29 Loom
29:51 Caravan
29:47 Fletching
30:08 Forging
31:07 Scale Mail Armor
31:22 Fortified Wall
31:24 Masonry
31:23 Tusk Swords
31:29 Husbandry
32:55 Bloodlines
33:23 Iron Casting
32:44 Bodkin Arrow
33:05 Chain Mail Armor
33:59 Crop Rotation
34:26 Architecture
34:27 Conscription
34:57 Pikeman
36:01 Scale Barding Armor
37:34 Siege Engineers
38:52 Bracer
40:05 Blast Furnace
40:31 Chain Barding Armor
41:19 Chemistry
40:46 Halberdier
43:03 Elite Battle Elephant
gdelo13
8:45 Loom
10:55 Feudal Age
15:40 Castle Age
13:40 Double-Bit Axe
15:18 Horse Collar
15:52 Gold Mining
16:33 Bloodlines
16:20 Stone Mining
19:29 Husbandry
24:53 Scale Barding Armor
27:20 Forging
29:48 Marauders
33:15 Imperial Age
31:23 Gold Shaft Mining
32:48 Iron Casting
32:34 Chain Barding Armor
32:50 Bow Saw
33:25 Fletching
35:03 Blast Furnace
34:30 Conscription
35:09 Plate Barding Armor
36:51 Cavalier
40:07 Bodkin Arrow
40:12 Padded Archer Armor
43:48 Chemistry
42:15 Heavy Cavalry Archer
43:02 Thumb Ring
46:51 Leather Archer Armor
MidnightBlue331
9:54 Feudal Age
10:20 Horse Collar
10:26 Double-Bit Axe
16:22 Castle Age
16:44 Scale Barding Armor
18:18 Bloodlines
18:16 Heavy Plow
20:36 Loom
21:53 Wheelbarrow
21:50 Town Watch
22:20 Forging
23:30 Szlachta Privileges
23:29 Husbandry
25:34 Chain Barding Armor
26:03 Stone Mining
26:03 Gold Mining
31:20 Imperial Age
29:40 Iron Casting
29:52 Hand Cart
30:02 Bow Saw
31:37 Cavalier
32:37 Masonry
33:07 Crop Rotation
33:59 Blast Furnace
32:51 Fletching
33:01 Padded Archer Armor
32:27 Light Cavalry
33:30 Conscription
33:34 Lechitic Legacy
33:57 Fortified Wall
34:47 Stone Shaft Mining
33:50 Winged Hussar
35:07 Crossbowman
35:53 Thumb Ring
36:58 Arbalester
37:41 Bodkin Arrow
38:01 Leather Archer Armor
38:09 Ballistics
38:50 Chemistry
38:27 Elite Obuch
39:13 Bracer
39:13 Scale Mail Armor
41:16 Chain Mail Armor
Tamor
13:10 Feudal Age
17:30 Castle Age
17:16 Gold Mining
17:13 Double-Bit Axe
22:29 Imperial Age
Connection lost

Rejoining the realm…

Still unreachable

The connection could not be restored.

Session expired

The server has moved on; the page needs a fresh start.